 Dungeon Crawl Stone Soup version 0.23.2-1-ga50397a6bc (webtiles) character file.

Game seed: 12612362810322517798

9442 OneEyedShark the Fighter (level 11, -10/71 HPs)
             Began as a Gargoyle Fighter on May 28, 2019.
             Was a High Priest of Okawaru.
             Mangled by an ice beast (12 damage)
             ... summoned by an ice statue
             ... on level 11 of the Dungeon.
             The game lasted 00:26:57 (10005 turns).

OneEyedShark the Fighter (Gargoyle Fighter)        Turns: 10005, Time: 00:27:00

Health: -10/71     AC: 22    Str: 21    XL:     11   Next: 46%
Magic:  0/14       EV:  9    Int:  9    God:    Okawaru [*****.]
Gold:   557        SH: 11    Dex: 11    Spells: 10/10 levels left

rFire    . . .     SeeInvis .   r - +1 flail (venom)
rCold    . . .     Gourm    .   c - +0 shield
rNeg     + . .     Faith    .   B - +0 chain mail
rPois    ∞         Spirit   +   o - +0 helmet
rElec    +         Reflect  .   H - scarf {Spirit}
rCorr    +         Harm     .   (no gloves)
MR       .....                  y - +0 pair of boots
Stlth    ..........             (no amulet)
HPRegen  0.21/turn              u - ring of resist corrosion
MPRegen  0.14/turn              h - ring of flight

@: no status effects
A: negative energy resistance 1, electricity resistance, unbreathing,
petrification resistance, rot immunity, AC +8
a: Heroism, Finesse, Renounce Religion, Evoke Flight


You were on level 11 of the Dungeon.
You worshipped Okawaru.
Okawaru was extremely pleased with you.
You were near starving.

You visited 2 branches of the dungeon, and saw 12 of its levels.

You collected 557 gold pieces.

Inventory:

Hand Weapons
 r - a +1 flail of venom (weapon)
 z - a +5 dire flail
Armour
 c - a +0 shield (worn)
 m - a +0 cloak
 o - a +0 helmet (worn)
 y - a +0 pair of boots (worn)
 B - a +0 chain mail (worn)
 H - a scarf of spirit shield (worn)
Jewellery
 e - an uncursed ring of wizardry
 h - a ring of flight (right hand)
 n - an uncursed amulet of harm
 u - a ring of resist corrosion (left hand)
Wands
 i - a wand of random effects (17)
 t - a wand of flame (26)
 v - a wand of paralysis (13)
 x - a wand of acid (16)
 A - a wand of clouds (6)
 D - a wand of polymorph (13)
Scrolls
 a - 2 scrolls of enchant weapon
 g - 6 scrolls of remove curse
 k - a scroll of brand weapon {unknown}
 q - a scroll of teleportation {unknown}
 C - a scroll of enchant armour {unknown}
 E - a scroll of amnesia {unknown}
 F - 2 scrolls of fear
 G - 3 scrolls of vulnerability {unknown}
 K - 2 scrolls of identify
Potions
 b - a potion of agility
 d - a potion of might
 j - a potion of curing
 l - 5 potions of lignification
 p - a potion of berserk rage
 s - 3 potions of flight
 w - 2 potions of brilliance
 J - a potion of ambrosia {unknown}
Comestibles
 f - 28 rations


   Skills:
 + Level 9.0 Fighting
 + Level 7.9 Maces & Flails
 + Level 9.0 Armour
 + Level 4.6 Dodging
 + Level 8.9 Shields
 - Level 5.1 Invocations
 + Level 4.3 Evocations


You had 10 spell levels left.
You didn't know any spells.
Your spell library contained the following spells:

 Spells                   Type           Power        Failure   Level  Hunger
 Magic Dart               Conj           #...         99%         1    ##.....
 Shock                    Conj/Air       #...         99%         1    ##.....
 Blink                    Tloc           N/A          100%        2    ###....
 Call Imp                 Summ           #.......     100%        2    ###....
 Searing Ray              Conj           #.....       100%        2    ###....
 Slow                     Hex            #.......     100%        2    ###....
 Swiftness                Chrm/Air       #.......     100%        2    ###....
 Conjure Flame            Conj/Fire      #.......     100%        3    ####...
 Dazzling Spray           Conj/Hex       #.....       100%        3    ####...
 Mephitic Cloud           Conj/Pois/Air  #.......     100%        3    ####...
 Static Discharge         Conj/Air       #.......     100%        3    ####...
 Airstrike                Air            #.........   100%        4    #####..
 Force Lance              Conj/Tloc      #.......     100%        4    #####..
 Fulminant Prism          Conj/Hex       #.........   100%        4    #####..
 Iskenderun's Mystic Bla  Conj           #.......     100%        4    #####..
 Lightning Bolt           Conj/Air       #.........   100%        5    ######.


Dungeon Overview and Level Annotations

Branches:
Dungeon (11/15)            Temple (1/1) D:6            Lair (0/6) D:10
    Orc (0/2) D:9

Altars:
Ashenzari
Cheibriados
Dithmenos
Elyvilon
Fedhas
Gozag
Hepliaklqana
Kikubaaqudgha
Makhleb
Nemelex Xobeh
Okawaru
Qazlal
Ru
Sif Muna
Trog
Uskayaw
Vehumet
Wu Jian
Xom
Yredelemnul
Zin
The Shining One

Shops:
D:9 [

Portals:
Bazaar: D:11

Annotations:
D:11 exclusion: ice statue


Innate Abilities, Weirdness & Mutations

You are resistant to torment.
Your stone body is resilient. (AC +8)
You are immune to poison.
You resist negative energy. (rN+)
You are resistant to electric shocks. (rElec)
You can survive without breathing.
You are immune to petrification.
You are immune to rotting.


Message History

The ice statue gestures.
You hit the ice statue.
The ice statue is severely damaged.
You are engulfed in freezing vapours.
You block the ice beast's attack. The ice statue gestures at you.
The freezing blast engulfs you!
* * * LOW HITPOINT WARNING * * *
Okay, then.
Okay, then.
Unknown command.
You are engulfed in freezing vapours.
* * * LOW HITPOINT WARNING * * *
The ice statue gestures.
You are engulfed in freezing vapours.
* * * LOW HITPOINT WARNING * * *
The ice statue gestures.
The ice beast hits you.
* * * LOW HITPOINT WARNING * * *
The ice beast freezes you!
You die...

#.....##
.......##
.......##
........#
###°.......
#°8..°.....
###Y°.%....
#..YY......
##○@○......
##.......##
##......###
##....####
##......##
#........#
#..........##
####
#.......###..##
##..###
....>.###
##..###.....##


You could see an ice statue and 3 ice beasts.

Vanquished Creatures
  A two-headed ogre (D:9)
  Nergalle (D:10)
  An unseen horror (D:11)
  A deep elf mage (D:9)
  An ugly thing (D:10)
  A troll (D:9)
  Grinder (D:3)
  A hippogriff (D:9)
  Sigmund (D:6)
  2 wyverns
  6 yaks
  Eustachio (D:6)
  Menkaure (D:5)
  An orc warrior (D:10)
  2 ice beasts
  A sky beast (D:5)
  2 black bears
  7 ogres
  4 phantoms
  A necrophage (D:7)
  An eye of draining (D:10)
  2 centaurs
  A crocodile (D:9)
  Blork the orc (D:4)
  6 bullfrogs
  A wyvern skeleton (D:10)
  2 scorpions
  16 wights
  5 howler monkeys
  2 jellies
  2 quasits
  3 orc priests
  Crazy Yiuf (D:2)
  A centaur skeleton (D:5)
  6 hounds
  13 orc wizards
  2 iguanas
  Ijyb (D:5)
  7 worker ants
  6 ogre zombies (D:9)
  A hound zombie (D:7)
  A howler monkey zombie (D:6)
  Robin (D:2)
  9 adders
  4 gnolls (D:4)
  A shadow imp (D:11)
  An adder zombie (D:5)
  4 worms
  3 adder skeletons
  2 dart slugs
  6 leopard geckos
  36 orcs
  5 giant cockroaches
  12 goblins
  12 hobgoblins
  4 jackals (D:9)
  5 quokkas
  2 ball pythons
  A ball python skeleton (D:4)
  3 bats (D:3)
  2 frilled lizards (D:3)
  3 goblin skeletons (D:9)
  4 goblin zombies (D:9)
  A hobgoblin zombie (D:9)
  11 kobolds
  A leopard gecko zombie (D:6)
  2 orc skeletons (D:9)
  9 orc zombies (D:9)
  7 rats
269 creatures vanquished.

Notes
Turn   | Place    | Note
-------+----------+-------------------------------------------
     0 | D:1      | OneEyedShark the Gargoyle Fighter began the quest for the
                  | Orb.
     0 | D:1      | Reached XP level 1. HP: 14/14 MP: 1/1
   193 | D:1      | Reached XP level 2. HP: 19/19 MP: 2/2
   862 | D:2      | Found a runed translucent door.
   863 | D:2      | Noticed Crazy Yiuf
   872 | D:2      | Killed Crazy Yiuf
   872 | D:2      | Reached XP level 3. HP: 12/24 MP: 3/3
   956 | D:2      | Noticed Robin
   996 | D:2      | Reached XP level 4. HP: 22/29 MP: 4/4
  1024 | D:2      | Killed Robin
  1231 | D:2      | Found an iron altar of Okawaru.
  1262 | D:2      | Became a worshipper of Warmaster Okawaru
  1948 | D:3      | Reached XP level 5. HP: 31/33 MP: 5/5
  2048 | D:3      | Found a shattered altar of Ashenzari.
  2143 | D:3      | Noticed Grinder
  2145 | D:3      | Paralysed by Grinder for 4 turns
  2151 | D:3      | Killed Grinder
  2151 | D:3      | Reached skill level 1 in Dodging
  2151 | D:3      | Reached XP level 6. HP: 22/39 MP: 6/6
  2478 | D:4      | Found a blossoming altar of Fedhas.
  2495 | D:4      | Reached * piety under Okawaru
  2701 | D:4      | Noticed an ice beast
  2713 | D:4      | Killed an ice beast
  2713 | D:4      | Reached skill level 5 in Armour
  2713 | D:4      | Reached XP level 7. HP: 44/44 MP: 7/7
  2719 | D:4      | Reached skill level 5 in Fighting
  2740 | D:4      | Reached skill level 5 in Shields
  2791 | D:4      | Found a basalt altar of Yredelemnul.
  3027 | D:4      | Noticed Blork the orc
  3035 | D:4      | Killed Blork the orc
  3249 | D:5      | Entered Level 5 of the Dungeon
  3302 | D:5      | Reached XP level 8. HP: 16/50 MP: 8/8
  3747 | D:5      | Noticed Ijyb
  3755 | D:5      | Killed Ijyb
  3792 | D:5      | Reached ** piety under Okawaru
  3902 | D:5      | Reached skill level 5 in Maces & Flails
  3993 | D:5      | Noticed Menkaure
  4010 | D:5      | Killed Menkaure
  4831 | D:6      | Noticed Eustachio
  4840 | D:6      | Killed Eustachio
  4840 | D:6      | Reached XP level 9. HP: 34/56 MP: 9/9
  4974 | D:6      | Found a staircase to the Ecumenical Temple.
  5006 | Temple   | Entered the Ecumenical Temple
  5113 | D:6      | Reached *** piety under Okawaru
  5135 | D:6      | Found an iron altar of Okawaru.
  5277 | D:6      | Noticed Sigmund
  5303 | D:6      | Killed Sigmund
  5363 | D:6      | Reached skill level 1 in Invocations
  5405 | D:6      | Reached skill level 1 in Evocations
  6093 | D:7      | Found a stormy altar of Qazlal.
  6348 | D:7      | Reached **** piety under Okawaru
  6601 | D:8      | Found the +2 cloak of the Thief {+Fog Slay-2 SInv Stlth+}
  6792 | D:8      | Reached XP level 10. HP: 62/64 MP: 11/11
  6901 | D:8      | Found a glowing golden altar of the Shining One.
  6902 | D:8      | Found a shadowy altar of Dithmenos.
  6905 | D:8      | Found an opulent altar of Gozag.
  6905 | D:8      | Found a bloodstained altar of Trog.
  7315 | D:9      | Noticed a deep elf mage
  7328 | D:9      | Killed a deep elf mage
  7328 | D:9      | Reached ***** piety under Okawaru
  7588 | D:9      | Found a staircase to the Orcish Mines.
  7810 | D:9      | Noticed a two-headed ogre
  7822 | D:9      | Killed a two-headed ogre
  7974 | D:9      | Found Feufo's Antique Armour Emporium.
  8260 | D:9      | Reached XP level 11. HP: 61/69 MP: 14/14
  8552 | D:10     | Entered Level 10 of the Dungeon
  8575 | D:10     | Received a gift from Okawaru
  9014 | D:10     | Found a staircase to the Lair.
  9332 | D:10     | Noticed Nergalle
  9352 | D:10     | Killed Nergalle
  9352 | D:10     | Reached skill level 5 in Invocations
  9404 | D:11     | Noticed a red ugly thing
  9426 | D:10     | Killed a red ugly thing
  9743 | D:11     | Killed an unseen horror
  9788 | D:11     | Found a gateway to a bazaar.
 10005 | D:11     | HP: 3/71 [ice statue] (8)]
 10005 | D:11     | Mangled by an ice beast

Skill      XL: |  1  2  3  4  5  6  7  8  9 10 11 |
---------------+----------------------------------+-----
Armour         | 4 5 6 7 8 9 |  9.0
Shields        | 4 5 6 7 8 |  8.9
Fighting       | 4 5 6 7 8 9 |  9.0
Maces & Flails | 3 4 5 6 7 |  7.9
Dodging        | 1 2 3 4 |  4.6
Invocations    | 2 4 5 |  5.1
Evocations     | 2 3 4 |  4.3

Action                   |  1- 3 |  4- 6 |  7- 9 | 10-12 || total
-------------------------+-------+-------+-------+-------++-------
Melee: Flail             |   105 |   184 |   443 |   492 ||  1224
Invok: Heroism           |       |       |     1 |     1 ||     2
 Abil: Evoke Flight      |     1 |       |       |       ||     1
  Use: Scroll            |       |       |    11 |     3 ||    14
 Stab: Invisible         |     1 |       |       |       ||     1
  Eat: Chunk             |       |     6 |    14 |    10 ||    30
Armor: Scale mail        |    42 |   117 |   110 |       ||   269
       Chain mail        |       |       |   189 |   308 ||   497
Dodge: Dodged            |    28 |    59 |   135 |   190 ||   412
Block: Shield            |    57 |   110 |   304 |   329 ||   800
